 Dungeon Crawl Stone Soup version 0.18-a0-1789-gbeff17f (webtiles) character file.

263 barb4r1an the Skirmisher (level 6, -10/39 HPs)
             Began as a Gargoyle Fighter on Apr 21, 2016.
             Mangled by an orc warrior
             ... wielding a +0 glaive
              (16 damage)
             ... on level 3 of the Dungeon.
             The game lasted 00:06:26 (3417 turns).

barb4r1an the Skirmisher (Gargoyle Fighter)         Turns: 3417, Time: 00:06:26

Health: -10/39     AC: 13    Str: 20    XL:     6   Next: 19%
Magic:  6/6        EV:  9    Int:  9    God:
Gold:   215        SH:  9    Dex: 10    Spells: 0 memorised, 5 levels left

rFire  . . .     SeeInvis .     a - +0 flail
rCold  . . .     Gourm    .     h - +3 leather armour
rNeg   + . .     Faith    .     c - +0 shield
rPois  ∞         Spirit   .     q - +0 helmet
rElec  +         Dismiss  .     (no cloak)
rCorr  .         Reflect  .     (no gloves)
SustAt .         Harm     +     o - +0 pair of boots
MR     +....                    y - amulet of harm
Stlth  ++........               v - ring of protection from magic
                                j - ring of stealth

@: starving, somewhat resistant to hostile enchantments, unstealthy
A: negative energy resistance 1, electricity resistance, unbreathing,
petrification resistance, rot immunity, AC +4
a: no special abilities


You were on level 3 of the Dungeon.
You were starving.

You visited 1 branch of the dungeon, and saw 3 of its levels.

You collected 215 gold pieces.

Inventory:

Hand Weapons
 a - a +0 flail (weapon)
Armour
 c - a +0 shield (worn)
 h - a +3 leather armour (worn)
 o - a +0 pair of boots (worn)
 q - a +0 helmet (worn)
Jewellery
 j - a ring of stealth (left hand)
 v - a ring of protection from magic (right hand)
 y - an amulet of harm (around neck)
Scrolls
 b - 2 scrolls of remove curse {unknown}
 e - 3 scrolls of noise {unknown}
 g - 3 scrolls of magic mapping {unknown}
 k - 3 scrolls of recharging {unknown}
 l - a scroll of fear {unknown}
 m - 2 scrolls of enchant armour {unknown}
 n - 6 scrolls of identify {unknown}
 p - a scroll of enchant weapon {unknown}
 s - 3 scrolls of blinking {unknown}
 u - a scroll of teleportation {unknown}
 A - a scroll of immolation {unknown}
Potions
 d - a potion of might
 i - 2 potions of magic {unknown}
 r - a potion of berserk rage {unknown}
 t - a potion of curing {unknown}
 w - 2 potions of heal wounds {unknown}
 x - a potion of resistance {unknown}
 z - a potion of haste {unknown}
Comestibles
 f - 2 bread rations


   Skills:
 + Level 4.7 Fighting
 + Level 3.2 Maces & Flails
 + Level 4.2 Armour
 + Level 1.7 Dodging
 + Level 4.3 Shields


You had 5 spell levels left.
You didn't know any spells.

Dungeon Overview and Level Annotations

Branches:
Dungeon (3/15)

Altars:
Ru
Zin


Innate Abilities, Weirdness & Mutations

You are resistant to torment.
Your stone body is resilient (AC +4).
You are immune to poison.
You resist negative energy.
You are resistant to electric shocks.
You can survive without breathing.
You are immune to petrification.
You are immune to rotting.


Message History

You block the orc's attack.
The orc warrior hits you from afar with a glaive.
You block the orc's attack.
You hit the orc but do no damage.
The orc is lightly wounded.
You block the orc's attack.
The orc warrior hits you from afar with a glaive.
You closely miss the orc.
The orc is lightly wounded.
The orc barely misses you.
The orc warrior hits you from afar with a glaive!
You closely miss the orc.
The orc is lightly wounded.
The orc closely misses you.
The orc warrior hits you from afar with a glaive!
* * * LOW HITPOINT WARNING * * *
You block the orc's attack.
You completely miss the orc.
The orc warrior hits you from afar with a glaive!
You die...

..#######.#.###############...#.#
.................##########.###.#
..#####.#.#.####.#...............
..# #.#....# #.#.####.#.#.###.#
..# #......# #.#.##.#.#.#......
### ##><...# #.#......#.#####..
########..#.####.#o#....#.# #..
.................o....>.#.# #..
.......##.#.####@#...##.#.#####..
.......##...# #.#...............
.......###..# #.#...##.#.#####..
######## #..# #.#...##.#........
######..####.#...#...........
#......... ..#.....)#.......o
#####.#####.†# ###.....†.........
.........##..# #..###.#.#.#.#.#
....#.##.##..## ##.# #.#.#...#.#


You could see an orc warrior and an orc.

Vanquished Creatures
  The ghost of macross the Shield-Bearer, a weakling FoFi (D:3)
  An orc priest (D:3)
  2 orc wizards
  An adder (D:2)
  3 gnolls (D:3)
  An ooze (D:3)
  3 worms (D:2)
  3 dart slugs
  3 giant geckos
  6 orcs
  3 giant cockroaches
  8 goblins
  6 hobgoblins
  5 jackals
  2 quokkas (D:3)
  A ball python (D:3)
  3 bats
  4 giant newts
  8 kobolds
  9 rats
73 creatures vanquished.

Notes
Turn   | Place    | Note
--------------------------------------------------------------
     0 | D:1      | barb4r1an the Gargoyle Fighter began the quest for the Orb.
     0 | D:1      | Reached XP level 1. HP: 14/14 MP: 1/1
    90 | D:1      | Reached XP level 2. HP: 19/19 MP: 2/2
   755 | D:2      | Reached XP level 3. HP: 23/23 MP: 3/3
  1120 | D:2      | Found a sacrificial altar of Ru.
  1196 | D:2      | Reached skill level 1 in Dodging
  1335 | D:2      | Reached XP level 4. HP: 27/29 MP: 4/4
  1835 | D:3      | Noticed an orc warrior
  2216 | D:2      | HP: 1/29 [orc (4)]
  2604 | D:3      | Noticed macross's ghost (weakling FoFi)
  2622 | D:3      | Killed macross's ghost
  2622 | D:3      | Reached XP level 5. HP: 30/34 MP: 5/5
  2684 | D:3      | Found a glowing silver altar of Zin.
  3088 | D:3      | Reached XP level 6. HP: 32/39 MP: 6/6
  3417 | D:3      | Mangled by an orc warrior

Vault maps used:
D:1:      tarquinn_simple_flora_water_e, corexii_leaking_fountain,
          minmay_misc_feat_iff, hangedman_decor_peaks_small, patterned_corridor
D:2:      nicolae_ru_great_annihilating_truth
D:3:      zin_academy

Skill      XL: |  1  2  3  4  5 |
---------------+----------------+-----
Fighting       | 4 |  4.7
Dodging        | 1 |  1.7
Armour         | 4 |  4.2
Shields        | 4 |  4.3
Maces & Flails | 3 |  3.2

Action                   |  1- 3 |  4- 6 || total
-------------------------+-------+-------++-------
Melee: Flail             |   132 |   173 ||   305
 Stab: Sleeping          |     1 |     3 ||     4
       Paralysed         |     1 |       ||     1
  Eat: Chunk             |     2 |       ||     2
       Bread ration      |       |     1 ||     1
Armor: Scale mail        |    22 |       ||    22
       Leather armour    |    47 |    81 ||   128
Dodge: Dodged            |    45 |    67 ||   112
Block: Shield            |    72 |    87 ||   159
